 Dungeon Crawl Stone Soup version 0.19-a0-1792-g28b16ba (webtiles) character file.

697 JeffiDaFish the Sneak (level 7, -5/50 HPs)
             Began as a Vampire Enchanter on Oct 4, 2016.
             Was an Initiate of Kikubaaqudgha.
             Slain by Pikel
             ... wielding a +0 whip of freezing
              (6 damage)
             ... on level 5 of the Dungeon.
             The game lasted 00:24:47 (4389 turns).

JeffiDaFish the Sneak (Vampire Enchanter)           Turns: 4389, Time: 00:24:48

Health: -5/50      AC:  4    Str:  8    XL:     7   Next: 38%
Magic:  3/11       EV: 14    Int: 17    God:    Kikubaaqudgha [......]
Gold:   164        SH:  0    Dex: 16    Spells: 4 memorised, 5 levels left

rFire  + . .     SeeInvis +     a - +1 dagger
rCold  + . .     Gourm    .     b - +2 robe
rNeg   + + .     Faith    .     (no shield)
rPois  +         Spirit   .     (no helmet)
rElec  .         Dismiss  .     (no cloak)
rCorr  .         Reflect  .     (no gloves)
MR     .....     Harm     .     (no boots)
Stlth  ++++......               (no amulet)
                                (no ring)
                                h - ring of wizardry

@: regenerating slowly
A: fangs 3, see invisible, fire resistance 1, low mp 1, unbreathing, subdued
magic 1
a: Bat Form, Renounce Religion


You were on level 5 of the Dungeon.
You worshipped Kikubaaqudgha.
Kikubaaqudgha was noncommittal.
You were thirsty.

You visited 2 branches of the dungeon, and saw 6 of its levels.

You collected 164 gold pieces.

Inventory:

Hand Weapons
 a - a +1 dagger (weapon)
Armour
 b - a +2 robe (worn)
Jewellery
 h - a ring of wizardry (left hand)
Wands
 e - a wand of digging (19/24)
 j - a wand of flame (27/48)
Scrolls
 f - a scroll of identify
 g - 4 scrolls of recharging
 i - a scroll of remove curse
 k - a scroll of enchant armour
 m - a scroll of magic mapping
Potions
 d - 19 potions of blood
 l - a potion of curing
Books
 c - a book of Maledictions

   Spells                             Type                      Level
   a - Corona                         Hexes                        1
   b - Ensorcelled Hibernation        Hexes/Ice                    2
   c - Confuse                        Hexes                        3
   d - Tukima's Dance                 Hexes                        3
   e - Dazzling Spray                 Conjuration/Hexes            3


   Skills:
 + Level 2.1 Fighting
 + Level 2.9 Short Blades
 + Level 3.6 Dodging
 + Level 6.6 Stealth
 * Level 4.2 Spellcasting
 + Level 6.0 Hexes
 + Level 2.6 Ice Magic


You had 5 spell levels left.
You knew the following spells:

 Your Spells              Type           Power        Failure   Level  Hunger
a - Corona                Hex            ###....      1%          1    None
b - Ensorcelled Hibernat  Hex/Ice        ##....       1%          2    ##.....
c - Confuse               Hex            ###.....     1%          3    ###....
d - Dazzling Spray        Conj/Hex       ##....       4%          3    ###....


Dungeon Overview and Level Annotations

Branches:
Dungeon (5/15)             Temple (1/1) D:4

Altars:
Ashenzari
Cheibriados
Dithmenos
Elyvilon
Fedhas
Gozag
Hepliaklqana
Kikubaaqudgha
Makhleb
Nemelex Xobeh
Okawaru
Qazlal
Ru
Sif Muna
Trog
Uskayaw
Xom
Zin
The Shining One

Annotations:
D:5 Pikel


Innate Abilities, Weirdness & Mutations

You heal slowly.
You have razor-sharp teeth.
You have supernaturally acute eyesight. (SInv)
You can survive without breathing.
Your flesh is heat resistant. (rF+)
Your magical capacity is low. (-10% MP)
Your spells are a little easier to cast, but a little less powerful.


Message History

The crimson imp hits you but does no damage.
Pikel hits you but does no damage.
You hit Pikel.
Pikel is lightly wounded.
The crimson imp blinks!
Pikel misses you.
You hit Pikel but do no damage.
Pikel is lightly wounded.
You are feeling thirsty.
The crimson imp hits you.
* * * LOW HITPOINT WARNING * * *
You miss Pikel.
Pikel is lightly wounded.
Pikel hits you with a whip of freezing.
* * * LOW HITPOINT WARNING * * *
The crimson imp barely misses you.
You hit Pikel but do no damage.
Pikel is lightly wounded.
Pikel hits you with a whip of freezing.
You die...
Kikubaaqudgha rasps: "You have failed me!
Welcome... oblivion!"

############
#......#...##
#.....p#....#
#....ppK@5..#
#.....p#.).##
#......#####
#......#
#...p..#
#.....p#
#......#
#####..#
#.....#


You could see Pikel, 4 slaves and a crimson imp.

Vanquished Creatures
  Sigmund (D:4)
  An ogre (D:4)
  Blork the orc (D:4)
  3 hounds (D:4)
  A centaur skeleton (D:4)
  Natasha (twice) (D:3)
  2 worker ants (D:4)
  9 adders
  3 oozes
  2 worms
  A dart slug (D:1)
  A leopard gecko (D:3)
  An orc (D:4)
  4 bats
  A giant cockroach (D:4)
  12 goblins
  8 hobgoblins
  5 jackals
  A quokka (D:3)
  4 frilled lizards
  7 kobolds
  3 rats
73 creatures vanquished.

Notes
Turn   | Place    | Note
-------+----------+-------------------------------------------
     0 | D:1      | JeffiDaFish the Vampire Enchanter began the quest for the Orb.
     0 | D:1      | Reached XP level 1. HP: 13/13 MP: 3/3
   361 | D:1      | Reached XP level 2. HP: 19/19 MP: 5/5
   756 | D:1      | Reached skill level 5 in Stealth
   764 | D:1      | Learned a level 2 spell: Ensorcelled Hibernation
   884 | D:1      | Reached XP level 3. HP: 24/24 MP: 6/6
  1051 | D:1      | Gained mutation: Your magical capacity is low. (-10% MP) [potion of mutation]
  1051 | D:1      | Gained mutation: Your spells are a little easier to cast, but a little less powerful. [potion of mutation]
  1051 | D:1      | Gained mutation: Your flesh is heat resistant. (rF+) [potion of mutation]
  1605 | D:2      | Reached skill level 5 in Hexes
  1699 | D:2      | Reached XP level 4. HP: 13/31 MP: 7/7
  2038 | D:2      | Reached skill level 1 in Fighting
  2038 | D:2      | Reached skill level 1 in Ice Magic
  2785 | D:3      | Reached XP level 5. HP: 37/37 MP: 5/8
  2800 | D:3      | Noticed Natasha
  2805 | D:3      | Killed Natasha
  2834 | D:3      | Noticed Natasha
  2854 | D:3      | Killed Natasha
  3245 | D:4      | Found a staircase to the Ecumenical Temple.
  3252 | D:4      | Noticed Sigmund
  3274 | D:4      | Killed Sigmund
  3274 | D:4      | Reached XP level 6. HP: 9/44 MP: 6/10
  3279 | Temple   | Entered the Ecumenical Temple
  3682 | Temple   | Became a worshipper of Kikubaaqudgha
  3720 | D:4      | Noticed Blork the orc
  3777 | D:4      | Killed Blork the orc
  3828 | D:4      | Reached XP level 7. HP: 47/49 MP: 2/11
  4011 | D:4      | Learned a level 3 spell: Confuse
  4015 | D:4      | Learned a level 3 spell: Dazzling Spray
  4293 | D:5      | Entered Level 5 of the Dungeon
  4317 | D:5      | Noticed Pikel
  4388 | D:5      | HP: 1/50 [Pikel/whip of freezing (6)]
  4389 | D:5      | Slain by Pikel

Vault maps used:
D:1:      scummos_arrival_simple_crosswalls
D:2:      first_bread
D:3:      uniq_natasha
D:4:      uniq_blork_the_orc, uniq_sigmund
D:5:      roderic_ancient_swastika, uniq_pikel, uniq_grinder
Temple:   roderic_octagonal_lattice_temple

Skill      XL: |  1  2  3  4  5  6  7 |
---------------+----------------------+-----
Stealth        | 5 6 |  6.6
Hexes          | 5 6 |  6.0
Fighting       | 1 2 |  2.1
Ice Magic      | 1 2 |  2.6
Spellcasting   | 3 4 |  4.2
Short Blades   | 2 |  2.9
Dodging        | 3 |  3.6

Action                   |  1- 3 |  4- 6 |  7- 9 || total
-------------------------+-------+-------+-------++-------
Melee: Dagger            |   124 |   120 |    49 ||   293
       Bite              |     9 |    11 |     5 ||    25
 Cast: Ensorcelled Hiber |       |    21 |     6 ||    27
       Confuse           |       |       |     2 ||     2
 Abil: End Transformatio |       |       |     1 ||     1
       Bat Form          |       |       |     1 ||     1
  Use: Potion            |     6 |     8 |     2 ||    16
       Scroll            |     4 |     5 |     3 ||    12
 Stab: Sleeping          |    12 |    20 |     4 ||    36
       Distracted        |       |     1 |       ||     1
Armor: Robe              |    23 |    26 |    12 ||    61
Dodge: Dodged            |    75 |    91 |    33 ||   199
